 Dungeon Crawl Stone Soup version 0.23-a0-32-g1388f29 (webtiles) character file.

9807 Amnesiac the Geomancer (level 11, -8/77 HPs)
             Began as a Mummy Earth Elementalist on Aug 4, 2018.
             Was an Elder of Vehumet.
             Mangled by an orc warlord
             ... wielding a +0 battleaxe
              (39 damage)
             ... in a bailey.
             The game lasted 00:24:23 (9892 turns).

Amnesiac the Geomancer (Mummy Earth Elementalist)   Turns: 9892, Time: 00:24:24

Health: -8/77      AC:  5    Str: 12    XL:     11   Next: 27%
Magic:  1/16       EV: 14    Int: 27    God:    Vehumet [****..]
Gold:   512        SH:  0    Dex: 14    Spells: 4/30 levels left

rFire    + + .     SeeInvis .   a - +10 glaive of Radicalism {vamp, *Noise rElec rC+ Int+5}
rCold    + . .     Gourm    .   (shield currently unavailable)
rNeg     + + +     Faith    .   u - +0 robe
rPois    ∞         Spirit   .   z - +0 helmet of the Gloaming {rF++ MP-9 Int+4 Dex+2}
rElec    +         Reflect  .   k - +0 cloak
rCorr    +         Harm     .   A - +0 pair of gloves
MR       +....                  (no boots)
Stlth    ++........             v - amulet of the acrobat
HPRegen  0.22/turn              s - ring of fire
MPRegen  0.15/turn              w - ring of resist corrosion

@: no status effects
A: no food or potions, fire vulnerability, cold resistance 1, negative energy
resistance 3, torment resistance, unbreathing
a: Renounce Religion


You were in a bailey.
You worshipped Vehumet.
Vehumet was greatly pleased with you.
You were not hungry.

You visited 2 branches of the dungeon, and saw 9 of its levels.
You also visited: Bailey.

You collected 512 gold pieces.

Inventory:

Hand Weapons
 a - the +10 glaive of Radicalism (weapon) {vamp, *Noise rElec rC+ Int+5}
   (You took it off an orc warrior on level 7 of the Dungeon)

   It inflicts no extra harm, but heals its wielder when it wounds a living foe.
   It affects your intelligence (+5).
   It protects you from cold.
   It insulates you from electricity.
   It may make noises in combat.
 l - a +0 blowgun
Missiles
 b - 236 stones (quivered)
 m - 44 poisoned needles
Armour
 h - a +0 buckler
 k - a +0 cloak (worn)
 u - a +0 robe (worn)
 z - the +0 helmet of the Gloaming (worn) {rF++ MP-9 Int+4 Dex+2}
   (You found it on level 7 of the Dungeon)

   It affects your intelligence (+4).
   It affects your dexterity (+2).
   It greatly protects you from fire.
   It affects your magic capacity (-9).
 A - a +0 pair of gloves (worn)
Jewellery
 s - a ring of fire (left hand)
 v - an amulet of the acrobat (around neck)
 w - a ring of resist corrosion (right hand)
Wands
 c - a wand of clouds (3)
 o - a wand of digging (7)
 q - a wand of scattershot (5)
 x - a wand of acid (10)
 y - a wand of paralysis (8)
 B - a wand of enslavement (14)
Scrolls
 d - 6 scrolls of identify {!r}
 e - a scroll of fog {!r}
 f - 2 scrolls of enchant armour {!r}
 g - 2 scrolls of amnesia {!r}
 i - 2 scrolls of teleportation {!r}
 j - 2 scrolls of remove curse {!r}
 n - 3 scrolls of fear {!r}
 p - 3 scrolls of enchant weapon {!r}
 r - 6 scrolls of blinking {!r}
 t - 3 scrolls of magic mapping {!r}
 C - 2 scrolls of acquirement {!r, unknown}


   Skills:
 - Level 4.0 Fighting
 - Level 4.0 Dodging
 + Level 2.6 Stealth
 - Level 4.0 Shields
 + Level 10.3 Spellcasting
 - Level 0.7 Transmutations
 * Level 10.6 Earth Magic
 - Level 4.0 Evocations


You had 4 spell levels left.
You knew the following spells:

 Your Spells              Type           Power        Failure   Level  Hunger
a - Iron Shot             Conj/Erth      #####.....   19%         6    N/A
b - Passwall              Tmut/Erth      #####...     1%          2    N/A
c - Petrify               Tmut/Erth      #####...     4%          4    N/A
d - Lee's Rapid Deconstr  Erth           ######....   1%          5    N/A
e - Sandblast             Erth           ######       1%          1    N/A
f - Mephitic Cloud        Conj/Pois/Air  ##......     3%          3    N/A
g - Stone Arrow           Conj/Erth      #####.       1%          3    N/A
v - Blink                 Tloc           N/A          6%          2    N/A

Your spell library contained the following spells:

 Spells                   Type           Power        Failure   Level  Hunger
 Magic Dart               Conj           ##..         1%          1    N/A
 Conjure Flame            Conj/Fire      ###.....     3%          3    N/A
 Slow                     Hex            ##......     6%          2    N/A
 Call Imp                 Summ           ##......     6%          2    N/A

Dungeon Overview and Level Annotations

Branches:
Dungeon (8/15)             Temple (1/1) D:4
   Lair: D:8-11

Altars:
Ashenzari
Cheibriados
Dithmenos
Elyvilon
Fedhas
Gozag
Hepliaklqana
Kikubaaqudgha
Makhleb
Nemelex Xobeh
Okawaru
Qazlal
Ru
Sif Muna
Trog
Uskayaw
Vehumet
Wu Jian
Xom
Yredelemnul
Zin
The Shining One
Beogh


Innate Abilities, Weirdness & Mutations

You do not eat or drink.
Your flesh is vulnerable to fire.
You are immune to poison.
Your flesh is cold resistant. (rC+)
You are immune to negative energy. (rN+++)
You are immune to unholy pain and torment.
You can survive without breathing.


Message History

Casting: Iron Shot (quite dangerous; 19% risk of failure)
Confirm with . or Enter, or press ? or * to list all spells.
Aiming: Iron Shot (quite dangerous; 19% risk of failure)
Press: ? - help, Shift-Dir - straight line, f/p - orc warlord
Aim: an orc warlord, wielding a battleaxe and wearing a plate armour (lightly wounded)
The iron shot hits the orc warlord.
The orc warlord is moderately wounded.
The orc warlord hits you with a battleaxe!!
Items here: )) [[ † a broad axe; a ring mail; a war axe; a plate armour; an orc corpse
There is an open door, spattered with blood here.
Things that are here:
a hand axe; a leather armour
There is an open door here.
There is a fountain of clear blue water here.
Evoke which item? (* to show all) (? for menu, Esc to quit)
Aiming: Cloud Cone
Press: ? - help, Dir - move target cursor, f/p - orc warlord
Aim: an orc warlord, wielding a battleaxe and wearing a plate armour (lightly wounded)
You create a blast of flame!
The orc warlord is engulfed in blazing flames.
The orc warlord is engulfed in blazing flames.
Things that are here:
a hand axe; a leather armour The orc warlord is engulfed in blazing flames.
The orc warlord barely misses you.
There is a fountain of clear blue water here.
The orc warlord is engulfed in blazing flames.
The orc warlord is engulfed in blazing flames.
The orc warlord misses you.
Really walk into that cloud of flame?
You are engulfed in blazing flames.
You resist.
The orc warlord is engulfed in blazing flames.
Really walk into that cloud of flame?
You are engulfed in blazing flames.
You resist.
The orc warlord is engulfed in blazing flames.
You are engulfed in blazing flames.
You resist.
The orc warlord is engulfed in blazing flames.
The orc warlord hits you with a battleaxe!!
* * * LOW HITPOINT WARNING * * *
There is an open door here.
Unknown command.
Attack whom?
Press: ? - help, Dir - move target cursor, f/p - orc warlord
Aim: an orc warlord, wielding a battleaxe and wearing a plate armour (flame, severely wounded)
You reach to attack!
You slash the orc warlord!
You feel better.
The orc warlord is severely wounded.
The orc warlord is engulfed in blazing flames.
The orc warlord closely misses you.
Casting: Iron Shot (quite dangerous; 19% risk of failure)
Confirm with . or Enter, or press ? or * to list all spells.
Aiming: Petrify (safe; 4% risk of failure)
Press: ? - help, Shift-Dir - straight line, f/p - orc warlord
Aim: an orc warlord, wielding a battleaxe and wearing a plate armour (flame, almost dead, chance to defeat MR: 34%)
The orc warlord is moving more slowly.
The orc warlord is engulfed in blazing flames.
The orc warlord closely misses you.
You hit the orc warlord but do no damage.
Your glaive of Radicalism moans, "I feel dizzy."
The orc warlord is almost dead.
The orc warlord is engulfed in blazing flames.
The orc warlord hits you with a battleaxe!!!
Ouch! That really hurt!
You die...

#....)..# #......
##.....[.## ##......
#.........# #.......
##.....)...## ##.......
#.....⌠§....#######.....⌠..
##....§§§§.##.....##.......
#.....§§§.#.......#.......
##....§§§##.......##)))...
#......o@.........').....
##....§##......)..##.....
#######.....⌠.....######
##....).)..## #.........#
##....)..## #...)...#
##)))..## ♣♣##)''##♣♣


You could see an orc warlord (petrifying).

Vanquished Creatures
  A two-headed ogre (D:8)
  The ghost of Supahsalami the Protected, a novice GrFi (D:7)
  An orc knight (Bailey)
  An ice statue (D:7)
  A troll (D:8)
  2 hippogriffs (D:8)
  6 yaks (D:7)
  A human (D:7)
  A hungry ghost (D:6)
  4 hogs (D:7)
  A warg (D:7)
  A water moccasin (D:7)
  18 orc warriors
  3 ice beasts (D:8)
  2 sky beasts (D:8)
  3 phantoms
  4 ogres
  3 centaurs
  4 bullfrogs
  A gnoll sergeant (D:8)
  4 scorpions
  5 howler monkeys
  4 crimson imps
  A quasit (D:7)
  2 jellies (D:4)
  A bullfrog skeleton (D:5)
  5 hounds
  8 orc priests
  A centaur skeleton (D:5)
  A gnoll shaman (D:4)
  2 iguanas
  Natasha (thrice) (D:2)
  9 orc wizards
  6 worker ants
  A hound zombie (D:6)
  A worker ant zombie (D:6)
  2 hound skeletons (D:4)
  A howler monkey skeleton (D:5)
  17 gnolls
  14 adders
  2 shadow imps (D:5)
  10 oozes
  A worm (D:2)
  A dart slug (D:2)
  8 leopard geckos
  56 orcs
  2 giant cockroaches (D:1)
  27 goblins
  15 hobgoblins
  3 jackals (D:4)
  15 kobolds
  A quokka (D:5)
  2 ball pythons
  9 bats
  5 frilled lizards
  A jackal zombie (D:4)
  A quokka zombie (D:7)
  8 rats
314 creatures vanquished.

Vanquished Creatures (others)
  2 fungi (D:4)
  5 toadstools (D:4)
7 creatures vanquished.

Grand Total: 321 creatures vanquished

Notes
Turn   | Place    | Note
-------+----------+-------------------------------------------
     0 | D:1      | Amnesiac the Mummy Earth Elementalist began the quest for the Orb.
     0 | D:1      | Reached XP level 1. HP: 13/13 MP: 4/4
   549 | D:1      | Reached XP level 2. HP: 17/19 MP: 2/5
   566 | D:1      | Learned a level 2 spell: Passwall
   658 | D:2      | Noticed Natasha
   668 | D:2      | Noticed a crimson imp
   668 | D:2      | Killed Natasha
   668 | D:2      | Reached XP level 3. HP: 24/24 MP: 2/7
   832 | D:3      | Found a glowing golden altar of the Shining One.
  1120 | D:3      | Found a faded altar of an unknown god.
  1127 | D:3      | Reached XP level 4. HP: 25/30 MP: 9/9
  1134 | D:3      | Learned a level 3 spell: Stone Arrow
  1139 | D:3      | Learned a level 4 spell: Petrify
  1295 | D:4      | Found a hide-covered altar of Uskayaw.
  1306 | D:4      | Noticed an ogre
  1311 | D:4      | Killed an ogre
  1311 | D:4      | Reached XP level 5. HP: 35/35 MP: 3/11
  1317 | D:5      | Entered Level 5 of the Dungeon
  1427 | D:4      | Found a shattered altar of Ashenzari.
  1427 | D:4      | Noticed a phantom
  1447 | D:4      | Killed a phantom
  1447 | D:4      | Reached XP level 6. HP: 13/41 MP: 0/13
  1532 | D:4      | Found a shimmering altar of Xom.
  1533 | D:4      | Found a shadowy altar of Dithmenos.
  1533 | D:4      | Found a snail-covered altar of Cheibriados.
  1536 | D:4      | Found a deep blue altar of Sif Muna.
  1537 | D:4      | Found an opulent altar of Gozag.
  1694 | D:4      | Reached skill level 5 in Spellcasting
  1694 | D:4      | Reached skill level 5 in Earth Magic
  2112 | D:4      | Learned a level 5 spell: Lee's Rapid Deconstruction
  2921 | D:5      | Reached XP level 7. HP: 46/46 MP: 5/15
  3724 | D:4      | Found a staircase to the Ecumenical Temple.
  3733 | Temple   | Entered the Ecumenical Temple
  3797 | Temple   | Became a worshipper of Vehumet
  3991 | D:4      | Reached XP level 8. HP: 18/52 MP: 0/18
  4366 | D:1      | Reached * piety under Vehumet
  4366 | D:1      | Offered knowledge of Shock by Vehumet.
  4871 | D:2      | Noticed Natasha
  4877 | D:2      | Killed Natasha
  5044 | D:2      | Noticed Natasha
  5059 | D:2      | Killed Natasha
  5981 | D:5      | Offered knowledge of Magic Dart by Vehumet.
  5986 | D:5      | Found a blossoming altar of Fedhas.
  5987 | D:5      | Found an ancient bone altar of Kikubaaqudgha.
  6175 | D:5      | Reached ** piety under Vehumet
  6258 | D:5      | Found an iron altar of Okawaru.
  6259 | D:5      | Found a bloodstained altar of Trog.
  6776 | D:6      | Offered knowledge of Searing Ray by Vehumet.
  6850 | D:6      | Reached XP level 9. HP: 57/57 MP: 11/21
  6899 | D:6      | Learned a level 2 spell: Blink
  7102 | D:7      | Found a runed gate.
  7200 | D:7      | Reached *** piety under Vehumet
  7508 | D:7      | Reached skill level 10 in Earth Magic
  7514 | D:7      | Reached skill level 10 in Spellcasting
  7517 | D:7      | Noticed an ice statue
  7638 | D:7      | Killed an ice statue
  7787 | D:7      | Reached XP level 10. HP: 63/63 MP: 19/24
  7976 | D:7      | Reached skill level 1 in Fighting
  8189 | D:7      | Offered knowledge of Olgreb's Toxic Radiance by Vehumet.
  8189 | D:7      | Reached skill level 1 in Shields
  8189 | D:7      | Reached skill level 1 in Evocations
  8275 | D:7      | Noticed Supahsalami's ghost (novice GrFi)
  8301 | D:7      | Found a runed gate.
  8302 | D:7      | Found a runed gate.
  8312 | D:7      | Found a roughly hewn altar of Beogh.
  8338 | D:7      | Killed Supahsalami's ghost
  8402 | D:7      | Got a fine glaive {vamp}
  8402 | D:7      | Got a dazzling plate armour
  8425 | D:7      | Got a heavily runed helmet
  8434 | D:7      | Identified the cursed +0 helmet of the Gloaming {rF++ MP-9 Int+4 Dex+2} (You found it on level 7 of the Dungeon)
  8434 | D:7      | Identified the +10 glaive of Radicalism {vamp, *Noise rElec rC+ Int+5} (You took it off an orc warrior on level 7 of the Dungeon)
  8452 | D:7      | Identified the cursed +1 plate armour of the Apprentice {Dex+5 Stlth+} (You took it off an orc warrior on level 7 of the Dungeon)
  8684 | D:8      | Noticed a two-headed ogre
  8715 | D:8      | Killed a two-headed ogre
  8917 | D:8      | Reached **** piety under Vehumet
  8936 | D:8      | Reached XP level 11. HP: 75/77 MP: 16/25
  9075 | D:8      | Offered knowledge of Lightning Bolt by Vehumet.
  9077 | D:8      | Found a flagged portal.
  9086 | D:8      | Learned a level 3 spell: Mephitic Cloud
  9087 | Bailey   | Entered a bailey
  9257 | Bailey   | Reached ***** piety under Vehumet
  9264 | Bailey   | Offered knowledge of Iron Shot by Vehumet.
  9281 | Bailey   | Learned a level 6 spell: Iron Shot
  9461 | Bailey   | Noticed an orc knight
  9500 | Bailey   | Killed an orc knight
  9829 | Bailey   | Noticed an orc warlord
  9892 | Bailey   | Mangled by an orc warlord

Vault maps used:
D:1:      dpeg_arrival_houses_and_road
D:2:      uniq_natasha
D:3:      old_standard_altar, first_ration, chequers_ecumenical_altar_grove
D:4:      cheibrodos_fertilizer, kennysheep_little_box,
          grunt_temple_overflow_open, temple_hall
D:5:      grunt_temple_overflow_growth_and_decay,
          grunt_temple_overflow_bloody_war
D:7:      lemuel_ice_statue, biasface_ghost_orc_armoury,
          kennysheep_cross_bottleneck, grunt_livestock
D:8:      enter_bailey_3
Temple:   zaba_magenta_temple
Bailey:   bailey_axe_minmay_hex_keep, bailey

Skill      XL: |  1  2  3  4  5  6  7  8  9 10 11 |
---------------+----------------------------------+-----
Earth Magic    | 3 4 5 6 8 10 | 10.6
Spellcasting   | 3 4 5 6 8 10 | 10.3
Fighting       | 4 |  4.0
Dodging        | 4 |  4.0
Shields        | 3 4 |  4.0
Evocations     | 3 4 |  4.0
Stealth        | 2 |  2.6
Transmutations | |  0.7

Action                   |  1- 3 |  4- 6 |  7- 9 | 10-12 || total
-------------------------+-------+-------+-------+-------++-------
Melee: Unarmed           |    42 |       |       |       ||    42
       Spear             |    24 |    46 |   167 |       ||   237
       Morningstar       |       |       |    30 |     7 ||    37
       Glaive            |       |       |       |   154 ||   154
Throw: Stone             |       |       |     1 |       ||     1
 Cast: Sandblast         |    15 |    20 |    40 |     9 ||    84
       Stone Arrow       |       |    31 |   147 |    28 ||   206
       Passwall          |       |     1 |       |       ||     1
       Lee's Rapid Decon |       |       |    15 |    35 ||    50
       Blink             |       |       |     2 |       ||     2
       Iron Shot         |       |       |       |     3 ||     3
       Petrify           |       |       |       |     1 ||     1
Evoke: Wand              |       |       |       |     3 ||     3
  Use: Scroll            |     4 |     3 |     6 |     3 ||    16
 Stab: Sleeping          |     1 |     1 |     3 |     1 ||     6
       Distracted        |       |       |     1 |       ||     1
       Confused          |       |       |       |     2 ||     2
Armor: Robe              |    29 |     5 |    26 |    24 ||    84
Dodge: Dodged            |    56 |    45 |   157 |   123 ||   381

Table legend:
 A = Spawn XP
 B = Non-spawn XP
 C = Spawn XP percentage of total XP
 D = Spawn monster count
 E = Non-spawn monster count
 F = Spawn count percentage of total count
 G = Total turns spent on level
                    A         B        C        D         E        F      G
               +---------+---------+-------+---------+---------+-------+---------
         Total |       0 |   14010 |   0.0 |       0 |     314 |   0.0 |  9892
               +---------+---------+-------+---------+---------+-------+---------
           D:1 |       0 |      49 |   0.0 |       0 |      23 |   0.0 |  1044
           D:2 |       0 |     174 |   0.0 |       0 |      19 |   0.0 |   567
           D:3 |       0 |      73 |   0.0 |       0 |      15 |   0.0 |   880
           D:4 |       0 |    1090 |   0.0 |       0 |      53 |   0.0 |  2785
           D:5 |       0 |     885 |   0.0 |       0 |      39 |   0.0 |  1147
           D:6 |       0 |     924 |   0.0 |       0 |      21 |   0.0 |   537
           D:7 |       0 |    4908 |   0.0 |       0 |      44 |   0.0 |  1528
           D:8 |       0 |    3348 |   0.0 |       0 |      33 |   0.0 |   521
        Bailey |       0 |    2559 |   0.0 |       0 |      67 |   0.0 |   805
               +---------+---------+-------+---------+---------+-------+---------
